[Event "42nd Olympiad Baku 2016 Open"]
[Site "Baku"]
[Date "2016.09.05"]
[Round "4.27"]
[White "Hansen, Eric"]
[Black "Sadikin The, Irwanto"]
[Result "1-0"]
[ECO "C92"]
[WhiteElo "2582"]
[BlackElo "2327"]
[Annotator ""]
[PlyCount "147"]
[EventDate "2016.??.??"]
[EventCountry "AZE"]
[SourceTitle "playchess.com"]
[Source "ChessBase"]
[WhiteTeam "Canada"]
[BlackTeam "Indonesia"]
[WhiteTeamCountry "CAN"]
[BlackTeamCountry "INA"]
[TimeControl "40/5400+30:1800+30"]

1. e4 {(00:00)} e5 {(00:00)} 2. Nf3 {(00:00)} Nc6 {
(00:00)} 3. Bb5 {(00:01)} a6 {(00:20)} 4. Ba4 {(00:
09)} Nf6 {(00:08)} 5. O-O {(00:06)} Be7 {(00:07)} 6. Re1 {
(00:11)} b5 {(00:09)} 7. Bb3 {(00:05)} d6 {(00:05)}
8. c3 {(00:03)} O-O {(00:11)} 9. h3 {(00:31)} Bb7 {
(02:14)} 10. d4 {(00:16)} h6 {(02:25)} 11. Nbd2 {(
00:37)} Re8 {(02:46)} 12. a3 {(00:09)} Bf8 {(00:11)} 13.
d5 {(00:23)} Nb8 {(00:23)} 14. Nh2 {(00:04)} Nbd7 {
(03:02)} 15. Ng4 {(00:19)} Nc5 {(04:37)} 16. Bc2 {(
00:10)} c6 {(00:17)} 17. Nxf6+ {(05:05)} Qxf6 {(00:11)}
18. b4 {(00:04)} Nd7 {(00:18)} 19. Nb3 {(00:02)} cxd5 {
(02:09)} 20. Na5 {(00:04)} Rab8 {(00:11)} 21. Nxb7 {
(00:05)} Rxb7 {(00:03)} 22. Qxd5 {(00:07)} Rc7 {(
00:11)} 23. Bd2 {(01:46)} Nb6 {(03:08)} 24. Qd3 {(00:04)}
Nc4 {(00:14)} 25. a4 {(00:11)} g6 {(08:18)} 26. axb5 {
(01:34)} axb5 {(00:06)} 27. Bb3 {(01:45)} d5 {(02:
02)} 28. Be3 {(15:45)} dxe4 {(07:57)} 29. Qxe4 {(00:32)}
Nd6 {(35:06)} 30. Qd5 {(05:27)} Rxc3 {(05:01)} 31. Ra6 {
(00:06)} Qe6 {(01:04)} 32. Qxe6 {(00:20)} fxe6 {(
00:06)} 33. Rb1 {(00:04)} Nc4 {(01:12)} 34. Bxc4 {(01:31)}
Rxc4 {(00:14)} 35. Rb6 {(00:07)} Bxb4 {(04:21)} 36. Bxh6 {
(02:11)} Bc5 {(05:00)} 37. R6xb5 {(02:41)} Rc2 {(
01:30)} 38. Rb7 {(48:13)} Rxf2 {(01:47)} 39. Rg7+ {(00:36]
} Kh8 {(00:10)} 40. Kh2 {(00:00)} Bf8 {(00:00)} 41. Rxg6 {
(00:20)} Kh7 {(10:45)} 42. Be3 {(00:17)} Kxg6 {(00:
28)} 43. Bxf2 {(00:02)} Bh6 {(00:48)} 44. Re1 {(05:11)}
Bd2 {(06:10)} 45. Re2 {(02:39)} Bc3 {(00:08)} 46. g4 {
(01:48)} Rd8 {(03:38)} 47. Bg3 {(00:16)} Rd5 {(00:
10)} 48. Kg2 {(01:56)} Bd4 {(01:29)} 49. h4 {(02:08)} Rb5
{(00:11)} 50. Be1 {(00:28)} Rb3 {(00:54)} 51. Bd2 {
(01:15)} Rd3 {(03:30)} 52. h5+ {(02:25)} Kf6 {(00:
15)} 53. Bh6 {(00:17)} Rd1 {(07:15)} 54. Kh2 {(19:20)}
Bg1+ {(04:33)} 55. Kg3 {(00:41)} Bd4 {(00:28)} 56. Kh2 {
(09:15)} Bg1+ {(00:09)} 57. Kh3 {(01:31)} Rd3+ {(
00:34)} 58. Kg2 {(00:42)} Bd4 {(00:13)} 59. Re1 {(00:27)}
Ke7 {(02:18)} 60. Bg5+ {(01:36)} Kf7 {(03:42)} 61. Rf1+ {
(00:12)} Kg8 {(02:19)} 62. Rf6 {(00:40)} e4 {(03:
03)} 63. Rxe6 {(00:15)} Be3 {(00:40)} 64. Bxe3 {(02:11)}
Rxe3 {(00:02)} 65. Kf2 {(00:25)} Rf3+ {(00:39)} 66. Ke2 {
(00:01)} Rg3 {(00:49)} 67. Rxe4 {(00:03)} Kf7 {(00:
17)} 68. Kf2 {(00:03)} Ra3 {(00:18)} 69. Re3 {(00:08)} Ra4
{(00:23)} 70. Kg3 {(00:07)} Kf6 {(00:21)} 71. Rf3+ {
(00:06)} Kg7 {(00:50)} 72. Kh4 {(00:18)} Ra5 {(00:
16)} 73. Rb3 {(00:22)} Ra7 {(00:14)} 74. Rb6 {(00:21)} 1-0

[Event "42nd Olympiad Baku 2016 Open"]
[Site "Baku"]
[Date "2016.09.05"]
[Round "4.19"]
[White "Hardan, Hamid Musallem"]
[Black "Dempsey, John"]
[Result "1-0"]
[ECO "B27"]
[WhiteElo "1914"]
[BlackElo "1952"]
[Annotator ""]
[PlyCount "72"]
[EventDate "2016.??.??"]
[EventCountry "AZE"]
[SourceTitle "playchess.com"]
[Source "ChessBase"]
[WhiteTeam "OMA"]
[BlackTeam "U.S. Virgin Islands"]
[BlackTeamCountry "ISV"]
[TimeControl "40/5400+30:1800+30"]

1. e4 {(00:00)} c5 {(00:00)} 2. Nf3 {(00:00)} g6 {(
00:00)} 3. c3 {(00:25)} Bg7 {(00:00)} 4. d4 {(00:19)} cxd4
{(00:00)} 5. cxd4 {(00:14)} d5 {(00:00)} 6. e5 {(
00:18)} Nh6 {(00:06)} 7. Nc3 {(00:28)} Bg4 {(00:18)} 8.
Be2 {(00:30)} O-O {(00:26)} 9. Qb3 {(00:26)} Nc6 {(
00:05)} 10. Be3 {(00:39)} Nf5 {(02:40)} 11. Rd1 {(01:00)}
Nxe3 {(05:57)} 12. fxe3 {(00:21)} e6 {(00:05)} 13. O-O {
(00:57)} Qd7 {(01:33)} 14. Nb5 {(00:38)} f6 {(00:
32)} 15. h3 {(02:34)} Bxf3 {(03:19)} 16. Bxf3 {(00:19)}
fxe5 {(00:08)} 17. dxe5 {(00:24)} Nxe5 {(01:00)} 18. Be2 {
(01:26)} a6 {(05:17)} 19. Nd4 {(04:15)} Rxf1+ {(02:
15)} 20. Bxf1 {(00:21)} Nc6 {(00:38)} 21. Nf3 {(00:56)}
Rc8 {(01:12)} 22. e4 {(01:27)} d4 {(05:32)} 23. Bc4 {
(00:23)} Re8 {(00:05)} 24. Ng5 {(00:55)} Nd8 {(00:
48)} 25. Rf1 {(02:30)} h6 {(04:08)} 26. Nf3 {(01:09)} Nc6
{(00:21)} 27. Bd3 {(00:37)} Be5 {(08:58)} 28. Rc1 {
(01:18)} Kg7 {(01:40)} 29. Rxc6 {(00:39)} Qxc6 {(
00:08)} 30. Nxe5 {(00:25)} Qc1+ {(00:05)} 31. Bf1 {(00:26]
} Rf8 {(00:38)} 32. Qxb7+ {(00:43)} Kg8 33. Qxa6 Qe3+ 34. Kh1 Qf4
{(04:02)} 35. Qxe6+ {(01:18)} Kh7 {(00:08)} 36. Nf3 Ra8
1-0

[Event "42nd Olympiad Baku 2016 Open"]
[Site "Baku"]
[Date "2016.09.05"]
[Round "4.5"]
[White "Harikrishna, P."]
[Black "Dominguez Perez, Leinier"]
[Result "1/2-1/2"]
[ECO "C65"]
[WhiteElo "2752"]
[BlackElo "2720"]
[Annotator ""]
[PlyCount "88"]
[EventDate "2016.??.??"]
[EventCountry "AZE"]
[SourceTitle "playchess.com"]
[Source "ChessBase"]
[WhiteTeam "India"]
[BlackTeam "Cuba"]
[WhiteTeamCountry "IND"]
[BlackTeamCountry "CUB"]
[TimeControl "40/5400+30:1800+30"]

1. e4 {(00:00)} e5 {(00:00)} 2. Nf3 {(00:00)} Nc6 {
(00:00)} 3. Bb5 {(00:00)} Nf6 {(00:06)} 4. d3 {(00:
08)} d6 {(00:13)} 5. O-O {(00:09)} Be7 {(00:07)} 6. c3 {
(00:26)} O-O {(00:12)} 7. Nbd2 {(01:52)} a6 {(00:
50)} 8. Ba4 {(00:08)} Re8 {(00:25)} 9. Re1 {(00:37)} Bf8 {
(00:18)} 10. Nf1 {(02:08)} h6 {(00:07)} 11. Ng3 {(
03:33)} b5 {(00:24)} 12. Bc2 {(00:50)} d5 {(00:56)} 13. d4
{(19:35)} dxe4 {(01:22)} 14. Nxe4 {(09:53)} Bf5 {(
00:06)} 15. Nxf6+ {(08:44)} Qxf6 {(00:07)} 16. dxe5 {(09:
14)} Nxe5 {(00:28)} 17. Rxe5 {(01:06)} Rxe5 {(02:01)} 18.
Nxe5 {(00:06)} Bxc2 {(03:43)} 19. Qxc2 {(00:30)} Qxe5 {
(00:09)} 20. Be3 {(00:07)} Rd8 {(00:41)} 21. Rd1 {(
07:01)} Qe4 {(12:40)} 22. Qc1 {(03:26)} Rxd1+ {(00:21)}
23. Qxd1 {(00:04)} Bd6 {(00:07)} 24. g3 {(03:33)} Kh7 {
(01:34)} 25. Bd4 {(01:51)} f6 {(06:47)} 26. b3 {(
01:43)} Kg8 {(06:40)} 27. c4 {(05:11)} bxc4 {(19:19)} 28.
bxc4 {(00:07)} Kf7 {(03:56)} 29. f3 {(04:58)} Qc6 {
(02:09)} 30. Qd3 {(00:34)} Bc5 {(01:02)} 31. Bxc5 {
(00:17)} Qxc5+ {(00:07)} 32. Kg2 {(00:34)} Ke7 {(
03:32)} 33. h4 {(01:25)} Qd6 {(03:33)} 34. Qe3+ {(02:27)}
Qe5 {(01:24)} 35. Qd2 {(01:58)} h5 {(03:09)} 36. a3 {
(01:48)} g5 {(08:10)} 37. Qd3 {(02:35)} gxh4 {(00:
54)} 38. gxh4 {(00:50)} f5 {(00:14)} 39. c5 {(02:01)} f4 {
(07:20)} 40. Qxa6 {(00:00)} Qb2+ {(00:00)} 41. Kf1 {
(06:44)} Qc1+ {(00:59)} 42. Kg2 {(00:12)} Qc2+ {(
02:05)} 43. Kf1 {(00:15)} Qc1+ {(01:27)} 44. Kg2 {(00:10)}
Qc2+ {(00:06)} 1/2-1/2

[Event "42nd Olympiad Baku 2016 Open"]
[Site "Baku"]
[Date "2016.09.05"]
[Round "4.32"]
[White "Hassan Abubaker abdalmalik Al"]
[Black "Jelic, Dejan"]
[Result "1-0"]
[ECO "B20"]
[WhiteElo "2167"]
[BlackElo "1956"]
[Annotator ""]
[PlyCount "63"]
[EventDate "2016.??.??"]
[EventCountry "AZE"]
[SourceTitle "playchess.com"]
[Source "ChessBase"]
[WhiteTeam "Sudan"]
[BlackTeam "Liechtenstein"]
[WhiteTeamCountry "SUD"]
[BlackTeamCountry "LIE"]
[TimeControl "40/5400+30:1800+30"]

1. e4 {(00:27)} c5 {(00:00)} 2. Bc4 {(03:33)} e6 {(
00:03)} 3. Nc3 {(00:38)} a6 {(00:21)} 4. a4 {(00:18)} Nc6
{(00:36)} 5. d3 {(00:10)} Nf6 {(01:54)} 6. Bg5 {(
00:34)} Be7 {(00:49)} 7. Nf3 {(00:15)} d6 {(00:53)} 8. O-O
{(00:34)} O-O {(00:34)} 9. Re1 {(04:05)} Qc7 {(00:
46)} 10. h3 {(01:02)} Bd7 {(02:50)} 11. Ne2 {(01:33)} Rab8
{(01:39)} 12. Ng3 {(02:10)} b5 {(01:30)} 13. axb5 {
(02:06)} axb5 {(00:05)} 14. Bb3 {(00:23)} Rfe8 {(
02:54)} 15. c3 {(11:27)} b4 {(25:04)} 16. d4 {(12:58)}
bxc3 {(04:09)} 17. bxc3 {(00:18)} cxd4 {(11:39)} 18. cxd4
{(01:01)} h6 {(04:10)} 19. Bxf6 {(16:20)} Bxf6 {(
00:32)} 20. Nh5 {(00:13)} Be7 {(03:54)} 21. d5 {(03:11)}
Ne5 {(08:12)} 22. Nxe5 {(02:11)} dxe5 {(00:10)} 23. Qg4 {
(00:29)} g6 {(08:06)} 24. dxe6 {(00:36)} Rxb3 {(01:
53)} 25. exd7 {(04:27)} Rd8 {(00:46)} 26. Rec1 {(08:33)}
Qxd7 {(01:16)} 27. Qxd7 {(00:39)} Rxd7 {(00:03)} 28. Rc8+
{(00:15)} Kh7 {(01:19)} 29. Raa8 {(00:49)} gxh5 {(
00:25)} 30. Rh8+ {(00:18)} Kg6 {(01:02)} 31. Rag8+ {(00:
21)} Kf6 {(00:54)} 32. Rxh6# {(00:20] Rd8} 1-0

[Event "42nd Olympiad Baku 2016 Open"]
[Site "Baku"]
[Date "2016.09.05"]
[Round "4.28"]
[White "Hemam, Moulaye Brahim"]
[Black "Hanoeman, Suradj"]
[Result "0-1"]
[ECO "A20"]
[WhiteElo "2032"]
[BlackElo "2012"]
[Annotator ""]
[PlyCount "112"]
[EventDate "2016.??.??"]
[EventCountry "AZE"]
[SourceTitle "playchess.com"]
[Source "ChessBase"]
[WhiteTeam "MTN"]
[BlackTeam "Surinam"]
[BlackTeamCountry "SUR"]
[TimeControl "40/5400+30:1800+30"]

1. c4 {(00:00)} e5 {(01:02)} 2. g3 {(00:00)} Nf6 {(
00:08)} 3. Bg2 {(00:00)} d5 {(00:13)} 4. cxd5 {(00:01)}
Nxd5 {(00:06)} 5. Nc3 {(00:04)} Nb6 {(00:07)} 6. Nf3 {
(00:05)} Nc6 {(00:05)} 7. O-O {(00:07)} Be7 {(00:
04)} 8. d3 {(01:52)} O-O {(05:04)} 9. a3 {(00:14)} Re8 {
(03:05)} 10. b4 {(01:07)} Nd4 {(03:18)} 11. Be3 {(
07:34)} Bf8 {(00:57)} 12. Rc1 {(03:57)} a5 {(03:42)} 13.
Bxd4 {(03:18)} exd4 {(00:18)} 14. Nb5 {(00:29)} c6 {
(01:38)} 15. Nbxd4 {(08:53)} axb4 {(01:20)} 16. axb4 {
(00:09)} Bxb4 {(01:47)} 17. Nc2 {(14:55)} Bf8 {(03:
31)} 18. Qd2 {(04:09)} Nd5 {(04:23)} 19. Ra1 {(04:04)}
Rxa1 {(07:25)} 20. Rxa1 {(00:09)} Qf6 {(00:05)} 21. e4 {
(09:14)} Nc7 {(02:53)} 22. e5 {(03:28)} Qd8 {(01:
53)} 23. Ne3 {(03:28)} Be6 {(01:35)} 24. h4 {(01:12)} h6 {
(01:08)} 25. Kh2 {(02:37)} Nd5 {(00:18)} 26. Nc2 {(
05:23)} Bg4 {(05:45)} 27. Re1 {(02:31)} Qb6 {(00:51)} 28.
Re4 {(01:03)} Bf5 {(03:31)} 29. Rc4 {(00:08)} Qb3 {
(01:46)} 30. Bf1 {(01:44)} Qb1 {(05:03)} 31. Bg2 {(
03:22)} Ra8 {(02:10)} 32. Nfd4 {(02:28)} Bd7 {(03:12)} 33.
Bxd5 {(01:10)} cxd5 {(00:12)} 34. Rc7 {(00:07)} Rd8 {
(07:06)} 35. Ne3 {(07:16)} Qb6 {(01:41)} 36. Rxd7 {
(10:58)} Rxd7 {(00:07)} 37. Ne2 {(00:36)} Bc5 {(04:
45)} 38. d4 {(00:08)} Bb4 {(00:08)} 39. Qa2 {(00:23)} Qa6
{(01:05)} 40. Qc2 {(00:00)} Qc6 {(00:00)} 41. Qf5 {
(04:44)} Rd8 {(04:34)} 42. Nf4 {(02:21)} Bd2 {(06:
31)} 43. e6 {(00:36)} fxe6 {(00:46)} 44. Nxe6 {(00:15)}
Re8 {(00:33)} 45. Nxg7 {(10:18)} Kxg7 {(01:04)} 46. Nxd5 {
(00:07)} Qe6 {(01:36)} 47. Qh5 {(00:58)} Rd8 {(08:
16)} 48. Nc7 {(02:12)} Qf7 {(06:34)} 49. Qe5+ {(03:45)}
Kg8 {(00:43)} 50. Ne6 {(00:31)} Re8 {(02:34)} 51. d5 {
(00:11)} Qxf2+ {(02:31)} 52. Kh3 {(00:30)} Qf7 {(
01:54)} 53. Qe2 {(05:02)} Bc3 {(01:36)} 54. Qg4+ {(00:41)}
Bg7 {(00:36)} 55. h5 {(03:55)} Ra8 {(04:35)} 56. d6 {
(01:36)} Qf1+ {(01:17] d7} 0-1

[Event "42nd Olympiad Baku 2016 Open"]
[Site "Baku"]
[Date "2016.09.05"]
[Round "4.2"]
[White "Hlophe Smilo"]
[Black "Cox, Valentine"]
[Result "0-1"]
[ECO "E61"]
[WhiteElo "1592"]
[BlackElo "1867"]
[Annotator ""]
[PlyCount "72"]
[EventDate "2016.??.??"]
[EventCountry "AZE"]
[SourceTitle "playchess.com"]
[Source "ChessBase"]
[WhiteTeam "SWZ"]
[BlackTeam "Bahamas"]
[BlackTeamCountry "BAH"]
[TimeControl "40/5400+30:1800+30"]

1. d4 {(00:00)} Nf6 {(00:00)} 2. c4 {(00:00)} g6 {(
00:00)} 3. Nc3 {(01:01)} Bg7 {(00:10)} 4. Nf3 {(00:18)}
O-O {(00:12)} 5. Bg5 {(00:08)} h6 {(00:09)} 6. Bh4 {
(01:49)} d6 {(00:24)} 7. e4 {(00:13)} g5 {(02:18)}
8. Bg3 {(00:32)} Nh5 {(12:50)} 9. Be2 {(00:56)} Nxg3 {
(06:43)} 10. hxg3 {(00:16)} c5 {(01:27)} 11. d5 {(
02:09)} Nd7 {(03:42)} 12. O-O {(00:09)} Nb6 {(12:28)} 13.
Qc2 {(09:23)} Bg4 {(04:57)} 14. Nd1 {(12:13)} f5 {(
05:16)} 15. Ne3 {(03:14)} Qd7 {(05:26)} 16. Nxg4 {(04:18)}
fxg4 {(00:11)} 17. Nd2 {(02:14)} h5 {(02:37)} 18. Nb3 {
(08:58)} Qe8 {(02:01)} 19. Bd3 {(00:47)} Be5 {(02:
00)} 20. Qd2 Qg6 {(01:01)} 21. f4 {(06:27)} gxf3 {(01:12)}
22. gxf3 {(02:15)} Bxg3 {(01:17)} 23. e5 {(00:43)} Qg7 {
(00:20)} 24. e6 {(00:28)} Be5 {(00:59)} 25. Rf2 {(
01:20)} Rf4 {(07:45)} 26. Rg2 {(08:25)} Raf8 {(02:41)} 27.
a4 {(08:56)} g4 {(05:29)} 28. a5 {(01:25)} Nxc4 29. Bxc4 {
(02:36)} Rxc4 {(00:53)} 30. fxg4 {(03:25)} Rxg4 {(
00:13)} 31. Rb1 {(01:33)} Rxg2+ {(00:38)} 32. Qxg2 {(00:
09)} Qxg2+ {(00:12)} 33. Kxg2 {(00:08)} Rf4 {(00:39)} 34.
a6 {(01:17)} b6 {(00:48)} 35. Nd2 {(00:25)} Ra4 {(
00:37)} 36. b3 {(00:15)} Ra2 {(00:29)} 0-1

[Event "42nd Olympiad Baku 2016 Open"]
[Site "Baku"]
[Date "2016.09.05"]
[Round "4.11"]
[White "Huguet, Sergio"]
[Black "Paiva, Donaldo"]
[Result "0-1"]
[ECO "B95"]
[WhiteElo "2099"]
[BlackElo "2164"]
[Annotator ""]
[PlyCount "128"]
[EventDate "2016.??.??"]
[EventCountry "AZE"]
[SourceTitle "playchess.com"]
[Source "ChessBase"]
[WhiteTeam "Honduras"]
[BlackTeam "Mozambique"]
[WhiteTeamCountry "HON"]
[BlackTeamCountry "MOZ"]
[TimeControl "40/5400+30:1800+30"]

1. e4 {(00:00)} c5 {(00:00)} 2. Nf3 {(00:00)} d6 {(
00:00)} 3. d4 {(00:16)} cxd4 {(00:00)} 4. Nxd4 {(00:17)}
Nf6 {(00:04)} 5. Nc3 {(00:25)} a6 {(00:07)} 6. Bg5 {
(01:13)} e6 {(00:07)} 7. Bc4 {(01:23)} b5 {(02:23)}
8. Bb3 {(02:40)} Be7 {(00:08)} 9. Qf3 {(02:49)} Qb6 {
(00:07)} 10. Be3 {(13:11)} Qb7 {(00:07)} 11. a3 {(
03:17)} O-O {(09:30)} 12. O-O-O {(05:50)} Nbd7 {(00:18)}
13. Rhe1 {(04:25)} Nc5 {(10:30)} 14. Bg5 {(08:38)} Qc7 {
(20:39)} 15. Qg3 {(05:30)} Bb7 {(05:50)} 16. f3 {(
01:35)} Rfc8 {(02:49)} 17. Kb1 {(04:40)} Qb6 {(03:57)} 18.
e5 {(09:03)} dxe5 {(01:38)} 19. Rxe5 {(00:37)} Nxb3 {
(04:58)} 20. Nxb3 {(01:46)} b4 {(05:11)} 21. axb4 {
(02:27)} Qxb4 {(00:31)} 22. Rd4 {(01:32)} Qb6 {(00:
57)} 23. Bh6 {(03:43)} g6 {(00:09)} 24. Bg5 {(06:04)} Nh5
{(06:07)} 25. Qe1 {(00:49)} Bf8 {(05:51)} 26. g4 {(
02:25)} Ng7 {(00:07)} 27. Ne4 {(02:03)} Bxe4 {(01:38)} 28.
Rexe4 {(01:15)} Ne8 {(00:11)} 29. Qd2 {(02:42)} Nd6 {
(01:28)} 30. Re1 {(01:59)} Nc4 {(00:55)} 31. Qd3 {(
01:38)} Qc6 {(03:05)} 32. Ree4 {(04:21)} Nd6 {(01:19)} 33.
Re2 {(00:16)} a5 {(02:19)} 34. Nd2 {(02:27)} Qb6 {(
04:30)} 35. Bf4 {(01:58)} Nb5 {(00:15)} 36. Nb3 {(03:42)}
Nxd4 {(00:14)} 37. Qxd4 {(00:31)} Qxd4 {(00:11)} 38. Nxd4
{(00:05)} Bg7 {(00:22)} 39. Be5 {(00:23)} f6 {(02:
12)} 40. Bg3 {(00:00)} e5 {(00:00)} 41. Ne6 {(01:59)} Bh8
{(04:41)} 42. f4 {(02:40)} exf4 {(02:14)} 43. Nxf4 {
(01:29)} Re8 {(00:06)} 44. Kc1 {(01:21)} Rxe2 {(00:
11)} 45. Nxe2 {(00:08)} f5 {(00:30)} 46. gxf5 {(00:38)}
gxf5 {(00:08)} 47. b3 {(00:41)} Kf7 {(00:31)} 48. Bc7 {
(02:54)} Kg6 {(03:45)} 49. Kd2 {(01:09)} Kg5 {(00:
18)} 50. c4 {(01:49)} Kg4 {(02:13)} 51. c5 {(00:53)} Rc8 {
(00:39)} 52. Bd6 {(00:51)} Bg7 {(00:34)} 53. Kd3 {(
01:16)} Bh6 {(06:50)} 54. Kc4 {(00:49)} f4 {(00:26)} 55.
Kb5 {(00:51)} f3 {(00:28)} 56. Ng3 {(00:59)} Be3 {(
04:22)} 57. c6 {(04:00)} Bg1 {(08:19)} 58. Nf1 {(01:29)}
Kh3 {(00:06)} 59. c7 {(00:47)} Kg2 {(00:03)} 60. Nd2 {
(01:36)} Bxh2 {(03:01)} 61. Bxh2 {(03:11)} Kxh2 {(
00:07)} 62. Nxf3+ {(00:35)} Kg3 {(00:09)} 63. Ng5 {(00:44]
} Rxc7 {(00:07)} 64. Kxa5 {(01:02)} Rc5+ 0-1

[Event "42nd Olympiad Baku 2016 Open"]
[Site "Baku"]
[Date "2016.09.05"]
[Round "4.31"]
[White "Iclicki, Willy"]
[Black "Elobeid, Asim Ali"]
[Result "0-1"]
[ECO "A53"]
[WhiteElo "1963"]
[BlackElo "2109"]
[Annotator ""]
[PlyCount "68"]
[EventDate "2016.??.??"]
[EventCountry "AZE"]
[SourceTitle "playchess.com"]
[Source "ChessBase"]
[WhiteTeam "Liechtenstein"]
[BlackTeam "Sudan"]
[WhiteTeamCountry "LIE"]
[BlackTeamCountry "SUD"]
[TimeControl "40/5400+30:1800+30"]

1. d4 {(00:00)} d6 {(00:00)} 2. c4 {(00:03)} Nf6 {(
00:00)} 3. Nc3 {(00:43)} c6 {(00:17)} 4. e4 {(00:05)} Nbd7
{(00:14)} 5. Nf3 {(01:37)} e5 {(00:04)} 6. Be2 {(
14:06)} Be7 {(00:05)} 7. O-O {(00:09)} O-O {(00:05)} 8.
dxe5 {(06:54)} dxe5 {(00:23)} 9. Qc2 {(00:45)} Qc7 {
(00:35)} 10. b3 {(00:57)} Re8 {(03:07)} 11. Bb2 {(
02:43)} Bf8 {(01:19)} 12. Rfe1 {(17:43)} Nc5 {(01:53)} 13.
h3 {(06:27)} Ne6 {(02:27)} 14. Nd1 {(06:52)} Nf4 {(
02:08)} 15. Bf1 {(01:08)} a5 {(02:57)} 16. c5 {(04:29)}
Nd7 {(01:24)} 17. Ne3 {(10:48)} Bxc5 {(03:44)} 18. Nc4 {
(01:01)} f6 {(04:37)} 19. Rad1 {(02:55)} b5 {(06:
07)} 20. Ne3 {(00:48)} Qb6 {(00:45)} 21. Rc1 {(01:28)} Bb7
{(04:37)} 22. a4 {(03:22)} Red8 {(02:06)} 23. Nf5 {
(01:29)} g6 {(03:51)} 24. Nh6+ {(00:46)} Kg7 {(00:
08)} 25. Ng4 {(00:03)} h5 {(00:35)} 26. Ngxe5 {(01:27)}
fxe5 {(01:03)} 27. Nxe5 {(00:34)} Bd4 {(06:59)} 28. Bxd4 {
(09:45)} Qxd4 {(00:03)} 29. Nxc6 {(00:07)} Bxc6 {(
00:58)} 30. Qxc6 {(00:03)} bxa4 {(06:49)} 31. g3 {(02:33)}
Ne5 {(03:30)} 32. Qb7+ {(00:30)} Rd7 {(00:06)} 33. Qxa8 {
(00:22)} Nf3+ {(00:36)} 34. Kh1 {(01:43)} Qxf2 {(
00:04)} 0-1

[Event "42nd Olympiad Baku 2016 Open"]
[Site "Baku"]
[Date "2016.09.05"]
[Round "4.15"]
[White "Ieong, Seak Hin"]
[Black "Johnson, Joshua"]
[Result "0-1"]
[ECO "B25"]
[WhiteElo "1841"]
[BlackElo "2119"]
[Annotator ""]
[PlyCount "120"]
[EventDate "2016.??.??"]
[EventCountry "AZE"]
[SourceTitle "playchess.com"]
[Source "ChessBase"]
[WhiteTeam "Macau"]
[BlackTeam "TTO"]
[WhiteTeamCountry "MAC"]
[TimeControl "40/5400+30:1800+30"]

1. e4 {(00:00)} c5 {(00:00)} 2. Nc3 {(00:00)} Nc6 {
(00:00)} 3. g3 {(00:00)} g6 {(00:04)} 4. Bg2 {(00:
00)} Bg7 {(00:04)} 5. d3 {(00:00)} d6 {(01:18)} 6. f4 {
(00:01)} Rb8 {(02:07)} 7. a4 {(00:20)} a6 {(01:48)}
8. Nf3 {(00:05)} b5 {(02:01)} 9. axb5 {(00:22)} axb5 {
(00:02)} 10. O-O {(00:10)} Nh6 {(04:57)} 11. Rb1 {(
07:52)} O-O {(02:54)} 12. Kh1 {(07:36)} f5 {(23:27)} 13.
Be3 {(00:19)} Nd4 {(05:36)} 14. Ne2 {(14:07)} Ng4 {
(01:24)} 15. Bxd4 {(02:24)} cxd4 {(00:11)} 16. Nexd4 {
(00:07)} Qb6 {(08:16)} 17. c3 {(00:09)} e5 {(00:13]
} 18. Qb3+ {(03:15)} Kh8 {(01:08)} 19. Nc2 {(00:24)} Nf2+
{(01:17)} 20. Rxf2 {(03:36)} Qxf2 {(00:02)} 21. Rf1 {
(00:08)} Qa7 {(07:53)} 22. Ra1 {(01:14)} Qf7 {(01:
53)} 23. Qb4 {(00:22)} fxe4 {(01:53)} 24. Ng5 {(00:19)}
Qe7 {(01:39)} 25. Nxe4 {(04:37)} exf4 {(00:42)} 26. Nd4 {
(00:15)} Bb7 {(04:20)} 27. Nxb5 {(03:18)} f3 {(02:
19)} 28. Bf1 {(03:58)} Bc6 {(06:20)} 29. Ra5 {(08:49)} Qe5
{(02:11)} 30. Nbxd6 {(02:06)} Rxb4 {(00:17)} 31. Rxe5 {
(00:02)} Bxe5 {(00:13)} 32. cxb4 {(00:05)} Bxd6 {(
00:10)} 33. Nxd6 {(00:25)} Rb8 {(03:19)} 34. b5 {(00:18)}
Bxb5 {(00:16)} 35. Kg1 {(00:56)} Ba6 {(00:39)} 36. Kf2 {
(00:30)} Rxb2+ {(00:01)} 37. Kxf3 {(00:05)} Rxh2 {(
00:10)} 38. Ke3 {(01:03)} Kg7 {(01:22)} 39. Ne4 {(00:53)}
h6 {(01:49)} 40. Be2 {(00:00)} Rh1 {(00:00)} 41. Bf3 {
(00:37)} Re1+ {(01:28)} 42. Kf2 {(00:33)} Ra1 {(00:
22)} 43. d4 {(00:49)} Bb7 {(00:31)} 44. Nc5 {(02:29)} Bxf3
{(00:31)} 45. Kxf3 {(00:07)} Kf6 {(00:25)} 46. Ke4 {
(01:01)} Kg5 {(01:18)} 47. d5 {(01:06)} Re1+ {(02:
25)} 48. Kd4 {(00:25)} Rd1+ {(01:20)} 49. Nd3 {(00:57)}
Kf6 {(00:41)} 50. Ke4 {(00:24)} Rg1 {(00:57)} 51. Kf4 {
(01:53)} h5 {(01:15)} 52. Nc5 {(01:06)} g5+ {(00:
15)} 53. Ke4 {(00:44)} Rxg3 {(01:23)} 54. d6 {(00:48)} h4
{(07:28)} 55. Kd5 {(00:05)} Rg1 {(00:18)} 56. Kc6 {
(02:28)} Rd1 {(00:57)} 57. Ne4+ {(01:06)} Kf5 {(00:
14)} 58. Nf2 {(00:13)} Rd2 {(00:14)} 59. d7 {(00:06)} g4 {
(00:23)} 60. Kc7 {(00:15)} g3 {(00:49)} 0-1

[Event "42nd Olympiad Baku 2016 Open"]
[Site "Baku"]
[Date "2016.09.05"]
[Round "4.31"]
[White "Indjic, Aleksandar"]
[Black "Skoberne, Jure"]
[Result "1-0"]
[ECO "D70"]
[WhiteElo "2548"]
[BlackElo "2562"]
[Annotator ""]
[PlyCount "77"]
[EventDate "2016.??.??"]
[EventCountry "AZE"]
[SourceTitle "playchess.com"]
[Source "ChessBase"]
[WhiteTeam "Serbia"]
[BlackTeam "Slovenia"]
[WhiteTeamCountry "SRB"]
[BlackTeamCountry "SLO"]
[TimeControl "40/5400+30:1800+30"]

1. d4 {(00:06)} Nf6 {(00:00)} 2. c4 {(02:13)} g6 {(
00:00)} 3. Nf3 {(05:55)} Bg7 {(00:18)} 4. g3 {(00:10)} O-O
{(02:22)} 5. Bg2 {(00:09)} d6 {(03:45)} 6. O-O {(
01:26)} c5 {(02:08)} 7. d5 {(06:40)} b5 {(00:10)} 8. cxb5
{(01:04)} a6 {(00:09)} 9. b6 {(02:50)} Nbd7 {(01:
51)} 10. Nc3 {(00:09)} Nxb6 {(01:46)} 11. a4 {(00:10)} Rb8
{(09:10)} 12. e4 {(02:45)} e6 {(21:29)} 13. dxe6 {(
04:43)} Bxe6 {(01:00)} 14. Ng5 {(00:12)} Bg4 {(06:58)} 15.
Qd3 {(04:38)} h6 {(00:53)} 16. a5 {(15:50)} c4 {(
02:15)} 17. Qc2 {(04:53)} Nbd7 {(03:28)} 18. Nf3 {(02:03)}
Nc5 {(03:06)} 19. Be3 {(08:24)} Nfd7 {(04:32)} 20. Nd4 {
(12:23)} Bxd4 {(13:22)} 21. Bxd4 {(00:11)} Nb3 {(
00:03)} 22. Be3 {(00:04)} Nxa1 {(00:09)} 23. Rxa1 {(00:05]
} Kh7 {(01:06)} 24. Nd5 {(00:36)} Be6 {(07:04)} 25. Qxc4 {
(01:24)} Rb5 {(06:35)} 26. Qc3 {(05:02)} Bxd5 {(03:
25)} 27. exd5 {(00:08)} Qb8 {(00:19)} 28. Bd4 {(03:54)}
Ne5 {(00:05)} 29. Qd2 {(04:05)} Re8 {(04:09)} 30. Bc3 {
(01:03)} Qc8 {(00:22)} 31. h3 {(02:16)} Qf5 {(02:
36)} 32. f4 {(00:21)} Qxh3 {(00:52)} 33. fxe5 {(00:20)}
Qxg3 {(00:06)} 34. Rf1 {(01:13)} Rb7 {(00:34)} 35. Rf3 {
(00:40)} Qg4 {(00:39)} 36. Qf2 {(01:39)} f5 {(00:
42)} 37. exf6 {(00:30)} Rf7 {(00:26)} 38. Kh2 {(00:37)}
Qc4 {(00:26)} 39. Re3 {(00:37)} 1-0